 Dungeon Crawl Stone Soup version 0.31-a0-164-g2312942fda (webtiles) character file.

Game seed: 3149374211760843322

5100 qw the Skirmisher (level 10, -2/64 HPs)
             Began as a Gargoyle Hunter on June 13, 2023.
             Was a Priest of Okawaru.
             Slain by a catoblepas (25 damage)
             ... on level 9 of the Dungeon.
             The game lasted 00:02:46 (7066 turns).

qw the Skirmisher (Gargoyle Hunter)                 Turns: 7066, Time: 00:02:47

Health: -2/64      AC: 10    Str: 17    XL:     10   Next: 57%
Magic:  13/13      EV: 19    Int: 11    God:    Okawaru [***...]
Gold:   82         SH:  0    Dex: 21    Spells: 9/9 levels left

rFire   + . .        Y - +1 orcbow
rCold   x . .        (shield currently unavailable)
rNeg    + . .        v - +1 robe of Ebludi {Fly Will- Stlth+}
rPois   inf          m - +2 helmet
rElec   +            (no cloak)
rCorr   +            (no gloves)
SInv    .            (no boots)
Will    .....        r - amulet of regeneration
Stlth   +++++        t - +6 ring of dexterity
HPRegen 1.10/turn    g - ring "Veunt" {Fire rCorr Str+3 Slay+3}
MPRegen 0.13/turn

%: no passive effects
@: heroic, corroded, flying
A: sickness immunity, AC +7, negative energy resistance 1, electricity
resistance, torment resistance 1, petrification resistance, clumsy 1, mutation
resistance 1
a: Renounce Religion, Heroism


You were on level 9 of the Dungeon.
You worshipped Okawaru.
Okawaru was most pleased with you.
You visited 2 branches of the dungeon, and saw 10 of its levels.

You collected 525 gold pieces.
You spent 443 gold pieces at shops.


Innate Abilities, Weirdness & Mutations

You are immune to sickness and miasma.
Your stone body is resilient. (AC +7)
You are immune to poison.
You resist negative energy. (rN+)
You are resistant to electric shocks. (rElec)
You are resistant to unholy torment.
You are immune to petrification.
You are clumsy. (Dex -2)
You are somewhat resistant to further mutation.


   Skills:
 - Level 8.0(13.0) Fighting
 + Level 12.2(17.2) Ranged Weapons
 - Level 3.1(8.1) Armour
 - Level 4.5(9.5) Dodging
 - Level 1.1(6.1) Stealth
 - Level 4.0 Invocations


You had 9 spell levels left.
You didn't know any spells.
Your spell library was empty.

Inventory:

Hand Weapons
 Y - a +1 orcbow (weapon)
Armour
 a - the scarf "Giovuc" {harm, Dex+4}
   (You acquired it on level 1 of the Dungeon)

   Dex:       It affects your dexterity (+4).
 m - a +2 helmet (worn)
 u - the +0 ring mail of Fiecw {Rampage Str+3}
   (You found it on level 6 of the Dungeon)

   Str:       It affects your strength (+3).
   Rampage:   It bestows one free step when moving towards enemies.
 v - the +1 robe of Ebludi (worn) {Fly Will- Stlth+}
   (You found it on level 6 of the Dungeon)

   Fly:       It grants you flight.
   Will:      It decreases your willpower.
   Stlth:     It makes you more stealthy.
Jewellery
 g - the ring "Veunt" (right hand) {Fire rCorr Str+3 Slay+3}
   (You found it on level 2 of the Dungeon)

   [ring of fire]

   It enhances your fire magic.
   Str:       It affects your strength (+3).
   Slay:      It affects your accuracy & damage with ranged weapons and melee
   (+3).
   rF:        It protects you from fire.
   rC:        It makes you vulnerable to cold.
   rCorr:     It protects you from acid and corrosion.
 h - a +4 ring of protection
 r - an amulet of regeneration (around neck)
 t - a +6 ring of dexterity (left hand)
Scrolls
 l - 3 scrolls of teleportation
 q - 8 scrolls of identify
Potions
 b - 4 potions of mutation
 d - 2 potions of resistance
 e - 2 potions of might
 f - a potion of lignification
 i - a potion of magic
 j - a potion of curing
 k - 2 potions of cancellation
 o - 4 potions of attraction
 p - 3 potions of haste
 s - 2 potions of heal wounds

Dungeon Overview and Level Annotations

Branches:
Dungeon (9/15)             Temple (1/1) D:4
   Lair: D:8-11         Orc: D:9-12

Altars:
Ashenzari
Cheibriados
Dithmenos
Elyvilon
Fedhas
Gozag
Hepliaklqana
Kikubaaqudgha
Makhleb
Nemelex Xobeh
Okawaru
Qazlal
Ru
Sif Muna
Trog
Uskayaw
Vehumet
Wu Jian
Xom
Yredelemnul
Zin
The Shining One

Shops:
D:2 *   D:4 [   D:5 *   D:7 ?

Annotations:
D:7 1 runed translucent door, Crazy Yiuf


Message History

The arrow hits the catoblepas.
The catoblepas is moderately wounded.
You hear a shout! x2
The boulder beetle leaps!
The catoblepas gores you but does no damage.
You hear a shout!
You shoot an arrow.
The arrow completely misses the catoblepas.
You hear a shout!
The brown ugly thing engulfs you.
You are splashed with acid.
You resist.
You shoot an arrow. The arrow hits the catoblepas.
The catoblepas is moderately wounded.
The catoblepas completely misses you. The brown ugly thing engulfs you.
You are splashed with acid.
You resist.
You shoot an arrow. The arrow hits the catoblepas!
The catoblepas is heavily wounded.
The catoblepas breathes a plume of calcifying dust at you.
The blast of calcifying dust hits you but does no damage.
You shoot an arrow.
The arrow hits the catoblepas but does no damage.
The catoblepas is heavily wounded.
The brown ugly thing engulfs you but does no damage.
The boulder beetle completely misses you.
You shoot an arrow. The arrow hits the catoblepas!
The catoblepas is heavily wounded.
The gnoll barely misses you. The catoblepas closely misses you.
The boulder beetle completely misses you.
The brown ugly thing engulfs you.
You are splashed with acid.
You resist.
You shoot an arrow. The arrow hits the catoblepas!
The catoblepas is severely wounded.
The catoblepas misses you. The gnoll misses you.
You shoot an arrow.
The arrow hits the catoblepas but does no damage.
The catoblepas is severely wounded.
The boulder beetle waves its antennae.
The boulder beetle misses you. The brown ugly thing engulfs you!
The acid corrodes you!
You are splashed with acid.
You resist. The gnoll misses you. The gnoll hits you with a +0 flail.
The catoblepas gores you!!
You die...

#..........>.....
#.#
#.......########..
#.#
........).........
#.#
#########.#####...#
#.# #.#.#.# ..#
#...#)# ###...#
.###..uB.#
#.....Y@ยค#
#.######gg..#
.......# ..#.#...#
...#.#.#.#
#####.##### .. ##


You could see a catoblepas, a boulder beetle, a brown ugly thing and 2 gnolls.

Vanquished Creatures
  A deep elf zephyrmancer (D:7)
  A manticore (D:8)
  An unseen horror zombie (D:7)
  A tengu conjurer (D:9)
  A hornet (D:9)
  A vampire mosquito (D:9)
  2 water moccasins
  2 black bears
  An ice beast (D:7)
  A hornet zombie (D:7)
  2 sky beasts
  3 centaurs
  An ogre (D:4)
  A kobold brigand (D:9)
  3 bullfrogs (D:8)
  2 wyvern zombies (D:7)
  17 wights
  A killer bee (D:9)
  A bullfrog zombie (D:7)
  3 centaur zombies (D:7)
  3 jellies
  2 orc priests
  2 sleepcaps
  3 gnoll boudas
  7 iguanas
  Jessica (D:3)
  5 orc wizards
  A killer bee zombie (D:7)
  A howler monkey zombie (D:7)
  13 gnolls
  7 adders
  A shadow imp (D:7)
  2 white imps (D:5)
  3 dart slugs
  11 orcs
  4 ball pythons
  9 endoplasms
  3 giant cockroaches
  5 goblins
  3 hobgoblins
  2 jackals (D:3)
  5 quokkas
  5 bats
  12 kobolds
  7 rats
163 creatures vanquished.

Notes
Turn   | Place    | Note
-------+----------+-------------------------------------------
     0 | D:1      | qw the Gargoyle Hunter began the quest for the Orb.
     0 | D:1      | Reached XP level 1. HP: 12/12 MP: 1/1
     0 | D:1      | 0 ||| qw: Version: 0.2-a-29-gc1b59c4
     0 | D:1      | 0 ||| qw: Game counter: 4563
     0 | D:1      | 0 ||| qw: Always use a shield: true
     0 | D:1      | 0 ||| qw: God list: Okawaru
     0 | D:1      | 0 ||| qw: Allow faded altars: false
     0 | D:1      | 0 ||| qw: Do Orc after D:15 true
     0 | D:1      | 0 ||| qw: Do second Lair branch before Depths: true
     0 | D:1      | 0 ||| qw: Lair rune preference: random
     0 | D:1      | 0 ||| qw: Plans: Normal, Zot:1-4, Slime:5, God:TSO, Crypt,
                  | Tomb, Abyss, Pan, Hells, Win
     0 | D:1      | 0 ||| PLANNING D:1-11
   146 | D:1      | Reached XP level 2. HP: 17/17 MP: 2/2
   634 | D:1      | 634 ||| UPGRADING to +4 ring of protection.
   635 | D:1      | 635 ||| READING scroll labelled TUNGINK HAUS.
   636 | D:1      | 636 ||| READING scroll labelled KIOGOS UTREPH.
   737 | D:1      | 737 ||| READING scroll labelled XEZUOS ILAI.
   737 | D:1      | Identified a scroll of acquirement
   737 | D:1      | 737 ||| ACQUIRING scarf "Giovuc" {harm, Dex+4}
   737 | D:1      | Acquired the scarf "Giovuc" {harm, Dex+4}
   739 | D:1      | 739 ||| DROPPING scroll of butterflies.
   795 | D:2      | Found Akhluteedgh's Assorted Antiques.
   795 | D:2      | You fall into a shaft and drop 1 floor!
   796 | D:3      | 796 ||| READING scroll labelled MUONTU ICVEE.
   825 | D:2      | Reached XP level 3. HP: 21/21 MP: 3/3
   852 | D:2      | Found a faded altar of an unknown god.
   872 | D:2      | Identified the ring "Veunt" {Fire rCorr Str+3 Slay+3}
   932 | D:2      | Reached skill level 5 in Ranged Weapons
   942 | D:2      | 942 ||| BUYING golden potion (28 gold).
   942 | D:2      | Bought a golden potion for 28 gold pieces
   942 | D:2      | 942 ||| BUYING scroll labelled FODYZX BAYM (32 gold).
   942 | D:2      | Bought a scroll labelled FODYZX BAYM for 32 gold pieces
   942 | D:2      | 942 ||| SHOPLISTING scroll of acquirement (1664 gold, have
                  | 21).
   942 | D:2      | 942 ||| SHOPLISTING tiny pearl amulet (160 gold, have 21).
   943 | D:2      | 943 ||| UPGRADING to ring "Veunt" {Fire rCorr Str+3
                  | Slay+3}.
   944 | D:2      | 944 ||| READING scroll labelled SASAGHOUCIO.
  1099 | D:2      | Reached skill level 3 in Fighting
  1101 | D:2      | 1101 ||| Stepping ~*~*~tactically~*~*~ (outnumbered).
  1104 | D:2      | Reached XP level 4. HP: 28/28 MP: 4/4
  1104 | D:2      | 1104 ||| Stepping ~*~*~tactically~*~*~ (outnumbered).
  1131 | D:2      | 1131 ||| READING scroll labelled LAGUFY IRRA.
  1132 | D:2      | 1132 ||| READING scroll labelled FODYZX BAYM.
  1133 | D:2      | 1133 ||| READING scroll labelled INIVIMUDESCH.
  1134 | D:2      | 1134 ||| DRINKING 4 fuming inky potions.
  1134 | D:2      | Gained mutation: You are clumsy. (Dex -2) [potion of
                  | mutation]
  1134 | D:2      | Gained mutation: You are somewhat resistant to further
                  | mutation. [potion of mutation]
  1283 | D:3      | Found an ancient bone altar of Kikubaaqudgha.
  1339 | D:3      | 1339 ||| Stepping ~*~*~tactically~*~*~ (outnumbered).
  1415 | D:3      | Noticed Jessica
  1417 | D:3      | Killed Jessica
  1418 | D:3      | Reached XP level 5. HP: 32/32 MP: 5/5
  1467 | D:3      | Reached skill level 6 in Ranged Weapons
  1853 | D:3      | 1853 ||| UPGRADING to +2 helmet.
  1858 | D:3      | 1858 ||| READING scroll labelled TUAFETSUULA.
  1859 | D:3      | 1859 ||| READING scroll labelled ZOMNEE GUELE.
  1860 | D:3      | 1860 ||| DRINKING 2 fuming pink potions.
  1861 | D:3      | 1861 ||| DRINKING 2 pink potions.
  1862 | D:3      | 1862 ||| READING 2 scrolls of identify.
  1862 | D:3      | 1862 ||| IDENTIFYING sedimented red potion
  1863 | D:3      | 1863 ||| DROPPING potion of ambrosia.
  1959 | D:4      | Reached skill level 1 in Armour
  1968 | D:4      | Found a burning altar of Makhleb.
  2029 | D:4      | Reached XP level 6. HP: 38/38 MP: 6/6
  2078 | D:4      | Found a glowing golden altar of the Shining One.
  2109 | D:4      | Found a staircase to the Ecumenical Temple.
  2110 | D:4      | 2110 ||| PLANNING TEMPLE
  2110 | D:4      | 2110 ||| READING scroll labelled HECHOAL XERGH.
  2111 | D:4      | 2111 ||| DRINKING 2 yellow potions.
  2152 | Temple   | Entered the Ecumenical Temple
  2228 | Temple   | 2228 ||| PLANNING OKAWARU WORSHIP
  2345 | Temple   | Became a worshipper of Warmaster Okawaru
  2345 | Temple   | 2345 ||| PLANNING D:1-11
  2432 | D:4      | Found Pupnoeps's Antique Armour Boutique.
  2441 | D:4      | 2441 ||| SHOPLISTING pair of embroidered boots (210 gold,
                  | have 137).
  2441 | D:4      | 2441 ||| SHOPLISTING troll leather armour (420 gold, have
                  | 137).
  2766 | D:4      | Reached skill level 7 in Ranged Weapons
  2977 | D:4      | 2977 ||| UPGRADING to +0 ring mail.
  2987 | D:4      | 2987 ||| DROPPING +0 leather armour.
  2988 | D:4      | 2988 ||| READING scroll labelled LAMYRE PUSHEUN.
  2989 | D:4      | 2989 ||| READING 2 scrolls of identify.
  2989 | D:4      | 2989 ||| IDENTIFYING brown potion
  3001 | D:5      | Entered Level 5 of the Dungeon
  3005 | D:5      | Reached XP level 7. HP: 43/43 MP: 7/7
  3033 | D:5      | Identified the +2 quarterstaff of Wrongful Imprisonment
                  | {flame, MP+9}
  3134 | D:5      | Found a shimmering altar of Xom.
  3167 | D:5      | 3167 ||| Stepping ~*~*~tactically~*~*~ (outnumbered).
  3170 | D:5      | Reached * piety under Okawaru
  3175 | D:5      | 3175 ||| INVOKING Heroism.
  3420 | D:5      | Found Matim's General Store.
  3429 | D:5      | 3429 ||| BUYING potion of attraction (45 gold).
  3429 | D:5      | Bought a potion of attraction for 45 gold pieces
  3429 | D:5      | 3429 ||| BUYING potion of resistance (150 gold).
  3429 | D:5      | Bought a potion of resistance for 150 gold pieces
  3570 | D:5      | Reached skill level 8 in Ranged Weapons
  3663 | D:5      | 3663 ||| READING 3 scrolls of identify.
  3663 | D:5      | 3663 ||| IDENTIFYING viscous clear potion
  3664 | D:5      | 3664 ||| READING 2 scrolls of identify.
  3664 | D:5      | 3664 ||| IDENTIFYING fizzy pink potion
  3665 | D:5      | 3665 ||| DROPPING potion of enlightenment.
  3702 | D:6      | 3702 ||| INVOKING Heroism.
  3757 | D:6      | 3757 ||| SWAPPING to +0 orcbow.
  3762 | D:6      | Reached skill level 1 in Invocations
  3762 | D:6      | 3762 ||| DROPPING +1 shortbow of freezing.
  3767 | D:6      | 3767 ||| INVOKING Heroism.
  3813 | D:6      | 3813 ||| INVOKING Heroism.
  3819 | D:6      | Reached skill level 3 in Armour
  3819 | D:6      | Reached XP level 8. HP: 47/49 MP: 5/8
  3864 | D:6      | Identified the +0 ring mail of Fiecw {Rampage Str+3}
  3907 | D:6      | 3907 ||| INVOKING Heroism.
  3955 | D:6      | 3955 ||| FLEEEEING.
  4070 | D:6      | Reached skill level 9 in Ranged Weapons
  4583 | D:6      | Identified the +1 robe of Ebludi {Fly Will- Stlth+}
  4650 | D:6      | 4650 ||| UPGRADING to +0 ring mail of Fiecw {Rampage
                  | Str+3}.
  4660 | D:6      | 4660 ||| DROPPING +0 ring mail.
  4661 | D:6      | 4661 ||| UPGRADING to +1 robe of Ebludi {Fly Will- Stlth+}.
  4671 | D:6      | 4671 ||| UPGRADING to +6 ring of dexterity.
  4673 | D:6      | 4673 ||| DRINKING 2 golden potions.
  4674 | D:6      | 4674 ||| DRINKING 2 smoky orange potions.
  4675 | D:6      | 4675 ||| READING 3 scrolls of identify.
  4675 | D:6      | 4675 ||| IDENTIFYING glowing grey potion
  4676 | D:6      | 4676 ||| DROPPING potion of degeneration.
  4743 | D:7      | Reached skill level 3 in Invocations
  4770 | D:7      | Reached skill level 3 in Dodging
  4829 | D:7      | Reached XP level 9. HP: 52/54 MP: 10/12
  4958 | D:7      | Noticed a deep elf zephyrmancer
  4964 | D:7      | Killed a deep elf zephyrmancer
  4964 | D:7      | Reached ** piety under Okawaru
  5186 | D:7      | 5186 ||| INVOKING Heroism.
  5188 | D:7      | Reached skill level 10 in Ranged Weapons
  5400 | D:7      | Found Bohaleb's Magic Scroll Shop.
  5403 | D:7      | 5403 ||| SHOPLISTING scroll of acquirement (676 gold, have
                  | 210).
  5403 | D:7      | 5403 ||| BUYING scroll of enchant weapon (97 gold).
  5403 | D:7      | Bought a scroll of enchant weapon for 97 gold pieces
  5403 | D:7      | 5403 ||| BUYING scroll of identify (26 gold).
  5403 | D:7      | Bought a scroll of identify for 26 gold pieces
  5403 | D:7      | 5403 ||| BUYING scroll of identify (26 gold).
  5403 | D:7      | Bought a scroll of identify for 26 gold pieces
  5403 | D:7      | 5403 ||| BUYING scroll of teleportation (39 gold).
  5403 | D:7      | Bought a scroll of teleportation for 39 gold pieces
  5403 | D:7      | 5403 ||| SHOPLISTING scroll of teleportation (39 gold, have
                  | 22).
  5403 | D:7      | 5403 ||| READING scroll of enchant weapon.
  5403 | D:7      | 5403 ||| ENCHANTING +0 orcbow.
  5498 | D:7      | Found an ornate altar of the Wu Jian Council.
  5513 | D:7      | Identified the +2 quarterstaff of the Saviour {drain, Fly
                  | rElec rF++ Dex-2}
  5609 | D:7      | Reached *** piety under Okawaru
  5743 | D:7      | Found a runed translucent door.
  5744 | D:7      | Noticed Crazy Yiuf
  5843 | D:7      | 5843 ||| INVOKING Heroism.
  5848 | D:7      | Reached skill level 11 in Ranged Weapons
  5848 | D:7      | Reached XP level 10. HP: 63/63 MP: 10/13
  6096 | D:7      | 6096 ||| UPGRADING to amulet of regeneration.
  6101 | D:7      | 6101 ||| READING 3 scrolls labelled KOYNEUNKON.
  6102 | D:7      | 6102 ||| READING 2 scrolls labelled XIPNEN UCACW.
  6103 | D:7      | 6103 ||| DROPPING 2 scrolls of fog.
  6104 | D:7      | 6104 ||| DROPPING scroll of amnesia.
  6198 | D:8      | Noticed a manticore
  6199 | D:8      | 6199 ||| INVOKING Heroism.
  6206 | D:8      | Killed a manticore
  6279 | D:8      | 6279 ||| INVOKING Heroism.
  6405 | D:8      | 6405 ||| Stepping ~*~*~tactically~*~*~ (outnumbered).
  6407 | D:8      | 6407 ||| Stepping ~*~*~tactically~*~*~ (outnumbered).
  6410 | D:8      | 6410 ||| Stepping ~*~*~tactically~*~*~ (outnumbered).
  7004 | D:9      | 7004 ||| INVOKING Heroism.
  7035 | D:9      | Noticed a manticore
  7036 | D:9      | 7036 ||| INVOKING Heroism.
  7042 | D:9      | Noticed a catoblepas
  7042 | D:9      | Noticed a boulder beetle
  7047 | D:9      | Reached skill level 12 in Ranged Weapons
  7050 | D:9      | Noticed a brown ugly thing
  7066 | D:9      | Slain by a catoblepas

Levels and vault maps discovered:
D:1:      mrwooster_arrival_statue_2, layout_loops_ring
D:2:      layout_rooms, serial_shops, nicolae_shop_hallway_plus,
          ebering_ecumenical_altar_webs
D:3:      layout_loops_ring, old_standard_altar, serial_park_tiny_2,
          kennysheep_generic_room_9, uniq_jessica
D:4:      layout_gridville, marbit_many_paths, lemuel_crystal_altar,
          minmay_temple_entry_arrows, serial_shops, nicolae_shop_crystal
D:5:      layout_loops_ring, mainiacjoe_overflow_tiny_flanked, serial_shops,
          shop, chequers_serial_rivers_room_b
D:6:      minmay_skewed_foursquare, layout_basic
D:7:      black_bear_nest_2, layout_loops_corners,
          nicolae_wu_jian_glorious_leap, serial_undead, serial_undead_f,
          serial_undead_e, serial_undead_a, serial_undead_d, serial_shops, shop,
          reono_crystal_passage, grunt_ministairs_1, minmay_gold_behind_fungi,
          chequers_serial_rivers_small_a, guppyfry_early_elven_hall,
          uniq_crazy_yiuf_cottage
D:8:      layout_cave_pods
D:9:      minmay_the_grid_net [minmay_the_grid_fan, minmay_the_grid_garden,
          minmay_the_grid_small_cups, minmay_the_grid_spikes,
          minmay_the_grid_zigzag_pyramid, minmay_the_grid_prize_trominoes],
          layout_basic, david_lair_shrubbed, serial_shops,
          nicolae_stop_n_shop_2, uniq_joseph, uniq_prince_ribbit1
Temple:   nicolae_temple_bog_church

Skill      XL: |  1  2  3  4  5  6  7  8  9 10 |
---------------+-------------------------------+-----
Ranged Weapons | 5 6 7 8 9 11 12 | 12.2
Fighting       | 3 4 5 7 8 |  8.0
Armour         | 1 3 |  3.1
Invocations    | 1 4 |  4.0
Dodging        | 3 4 |  4.5
Stealth        | |  1.1

Action                     |  1- 3 |  4- 6 |  7- 9 | 10-12 || total
---------------------------+-------+-------+-------+-------++-------
   Fire: Shortbow          |    90 |   117 |    62 |       ||   269
         Orcbow            |       |       |   188 |   124 ||   312
 Invoke: Heroism           |       |       |     7 |     4 ||    11
    Use: Scroll            |     5 |     9 |     4 |     2 ||    20
         Potion            |       |     4 |     2 |       ||     6
 Armour: Leather armour    |     8 |    20 |       |       ||    28
         Ring mail         |       |       |    49 |       ||    49
         Robe              |       |       |    34 |    17 ||    51
  Dodge: Dodged            |    21 |    22 |   111 |    43 ||   197

Table legend:
 A = Non-vault XP
 B = Vault XP
 C = Vault XP percentage of total XP
 D = Non-vault monster count
 E = Vault monster count
 F = Vault count percentage of total count
                 A         B        C        D         E       F
            +---------+---------+-------+---------+---------+-------
      Total |    3703 |    3583 |  49.2 |     126 |      37 |  22.7
            +---------+---------+-------+---------+---------+-------
        D:1 |      30 |       0 |   0.0 |      19 |       0 |   0.0
        D:2 |      90 |       0 |   0.0 |      15 |       0 |   0.0
        D:3 |      80 |      41 |  33.9 |      19 |       3 |  13.6
        D:4 |     353 |       2 |   0.6 |      20 |       1 |   4.8
        D:5 |     249 |       0 |   0.0 |      13 |       0 |   0.0
        D:6 |     353 |     533 |  60.2 |       5 |       8 |  61.5
        D:7 |     632 |    2294 |  78.4 |       8 |      20 |  71.4
        D:8 |    1517 |       0 |   0.0 |      19 |       0 |   0.0
        D:9 |     399 |     713 |  64.1 |       8 |       5 |  38.5
            +---------+---------+-------+---------+---------+-------
